 Dungeon Crawl Stone Soup version 0.31-b1-22-gc680215f68 (webtiles) character file.

Game seed: 12776265188480451777

7550 SUPREMEBELIEFS the Fighter (level 10, -12/96 HPs)
             Began as a Minotaur Berserker on Jan 19, 2024.
             Was a High Priest of Trog.
             Killed by vampiric draining
             ... invoked by a vampire
              (15 damage)
             ... on level 10 of the Dungeon.
             The game lasted 00:18:46 (10229 turns).

SUPREMEBELIEFS the Fighter (Minotaur Berserker)    Turns: 10229, Time: 00:18:47

Health: -12/96     AC: 17    Str: 32    XL:     10   Next: 96%
Magic:  0/9        EV: 11    Int:  4    God:    Trog [*****.]
Gold:   367        SH:  9    Dex: 10    Spells: 9/9 levels left

rFire   + . .        u - +1 war axe (elec)
rCold   . . .        D - +0 kite shield
rNeg    . . .        s - +2 chain mail {rF+}
rPois   .            (helmet restricted)
rElec   .            (no cloak)
rCorr   .            I - +2 pair of gloves
SInv    .            x - +0 pair of boots
Will    +++..        d - amulet of guardian spirit Stlth
                     k - +6 ring of strength
HPRegen 1.36/turn    H - ring of willpower
MPRegen 0.11/turn

%: guardian spirit
@: strong-willed, on berserk cooldown, regenerating, slowed, very slow
A: horns 2, retaliatory headbutt
a: Renounce Religion, Berserk, Trog's Hand, Brothers in Arms


You were on level 10 of the Dungeon.
You worshipped Trog.
Trog was extremely pleased with you.
You visited 1 branch of the dungeon, and saw 10 of its levels.

You collected 557 gold pieces.
You spent 190 gold pieces at shops.

Inventory:

Hand Weapons
 u - a +1 war axe of electrocution (weapon)
Missiles
 n - 2 throwing nets (quivered)
Armour
 s - a +2 chain mail of fire resistance (worn)
 x - a +0 pair of boots (worn)
 D - a +0 kite shield (worn)
 I - a +2 pair of gloves (worn)
Jewellery
 d - an amulet of guardian spirit (around neck)
 k - a +6 ring of strength (left hand)
 H - a ring of willpower (right hand)
Talismans
 E - a granite talisman
Wands
 m - a wand of polymorph (5)
 B - a wand of iceblast (1)
Scrolls
 a - 2 scrolls of identify
 f - a scroll of vulnerability
 g - a scroll of enchant armour
 j - a scroll of revelation
 v - a scroll of fog
 y - 2 scrolls of immolation
 z - 5 scrolls of enchant weapon
 A - a scroll of fear
 C - a scroll of brand weapon
 G - a scroll of poison
Potions
 b - a potion of brilliance
 c - a potion of lignification {unknown}
 h - a potion of invisibility {unknown}
 i - 2 potions of attraction {unknown}
 l - 2 potions of might
 o - 4 potions of degeneration
 p - a potion of cancellation {unknown}
 q - 2 potions of heal wounds {unknown}
 r - 2 potions of enlightenment {unknown}
 t - 4 potions of curing {unknown}
 w - 6 potions of mutation
 F - 2 potions of magic {unknown}


   Skills:
 * Level 11.2 Fighting
 * Level 11.1 Axes
 + Level 8.0 Armour
 + Level 7.2 Dodging
 + Level 7.1 Shields
 + Level 3.0 Evocations


You had 9 spell levels left.
You didn't know any spells.
Your spell library was empty.

Dungeon Overview and Level Annotations

Branches:
Dungeon (10/15)            Temple (0/1) D:7             Orc (0/2) D:9
   Lair: D:8-11

Altars:
Ashenzari
Cheibriados
Dithmenos
Elyvilon
Fedhas
Makhleb
Okawaru
Qazlal
Ru
Trog
Vehumet
Yredelemnul
Zin

Shops:
D:5 *   D:7 =


Innate Abilities, Weirdness & Mutations

You have a pair of horns on your head.
You reflexively headbutt those who attack you in melee.


Message History

The vampire gestures at you while chanting.
You resist with almost no effort.
Your Evocations skill increases to level 3!
Items here: ))))) [ ††.
You barely miss the vampire.
The vampire mumbles some strange words.
The vampire flickers and vanishes!
Deactivating autopickup; reactivate with Ctrl-A.
You completely miss something. Your headbutt misses something.
Something hits you but does no damage. Something bites you but does no damage.
You miss something. You headbutt something! You miss something.
You headbutt something!
You are no longer berserk.
You are exhausted.
You feel yourself slow down. Something hits you but does no damage.
You block something's attack.
You completely miss something. Something draws life force from you! x2
You slash something! Your headbutt misses something.
You block something's attack. Something bites you.
Something draws strength from your injuries!
You hit something but do no damage. Your headbutt misses something.
Something hits you. Something bites you but does no damage.
You block something's attack. Something bites you.
Something draws strength from your injuries!
You closely miss something. Your headbutt misses something.
You slash the cyclops! Something draws life force from you!
The cyclops hits you!
* * * LOW HITPOINT WARNING * * *
You barely miss something. Your headbutt misses something.
You slash the cyclops! Something completely misses you. x2
The cyclops hits you!
* * * LOW HITPOINT WARNING * * *
Something hits you.
* * * LOW HITPOINT WARNING * * *
You block something's attack.
Okay, then.
As you read the scroll of fear, it crumbles to dust.
You assume a fearsome visage.
The cyclops looks frightened!
Something draws life force from you!
You die...

#.k..#..†..# #..............##
####'#######O## ###......).....#
...#...#......#####............#
##.#.#.#......#.....>.........(#
...# . #..##..#.#######.########
..#### #..##..#<........#
..#[+..#......#.################
..###..#......#.................
..# #########.##@#######.....##
..# #.C.{# #........# ..# ######
#.#......# ..# #.#......# # ..#
#.#......##.# ..# #.#......).
..# #.#......#### ..#
#.#.......... ### #.###.#######


You could see a cyclops (fleeing).

Vanquished Creatures
  2 two-headed ogres (D:10)
  A meliai (D:10)
  Prince Ribbit (D:7)
  A hornet (D:10)
  A wyvern (D:10)
  A shadow (D:10)
  A wraith (D:10)
  A basilisk (D:9)
  A steam dragon (D:9)
  4 vampire mosquitoes (D:10)
  An acid dragon (D:10)
  A water moccasin (D:9)
  5 orc warriors
  2 ice beasts
  3 black bears
  4 centaurs
  A phantom (D:6)
  A kobold brigand (D:9)
  3 bullfrogs
  5 scorpions
  8 wights
  8 killer bees
  4 howler monkeys
  A bombardier beetle (D:5)
  2 orc priests
  7 hounds
  3 iguanas
  3 jellies
  3 sleepcaps
  4 gnoll boudas
  13 orc wizards
  20 gnolls
  7 adders
  6 ufetubi
  4 dart slugs
  2 ribbon worms
  44 orcs
  12 ball pythons
  6 bats
  5 endoplasms
  5 giant cockroaches
  12 goblins
  5 hobgoblins
  7 quokkas
  3 frilled lizards
  11 kobolds
  6 rats
251 creatures vanquished.

Vanquished Creatures (others)
  An orc wizard (D:6)
1 creature vanquished.

Grand Total: 252 creatures vanquished

Notes
Turn   | Place    | Note
-------+----------+-------------------------------------------
     0 | D:1      | SUPREMEBELIEFS the Minotaur Berserker began the quest for
                  | the Orb.
     0 | D:1      | Reached XP level 1. HP: 19/19 MP: 0/0
    93 | D:1      | Reached XP level 2. HP: 12/27 MP: 1/1
   700 | D:2      | Identified the +1 long sword of Lyvuas {heavy, Dex+3}
   777 | D:2      | Reached XP level 3. HP: 34/34 MP: 2/2
   812 | D:2      | Reached ** piety under Trog
   862 | D:2      | Found a glowing silver altar of Zin.
  1148 | D:2      | Found a faded altar of an unknown god.
  1535 | D:3      | Reached XP level 4. HP: 36/41 MP: 1/3
  1537 | D:3      | Reached skill level 1 in Shields
  1853 | D:3      | Reached XP level 5. HP: 47/47 MP: 4/4
  1997 | D:3      | Reached *** piety under Trog
  2006 | D:3      | Found a snail-covered altar of Cheibriados.
  2018 | D:3      | Reached skill level 5 in Fighting
  2082 | D:3      | Reached skill level 5 in Axes
  2315 | D:4      | Noticed an ice beast
  2325 | D:4      | Killed an ice beast
  2326 | D:4      | Reached XP level 6. HP: 56/56 MP: 5/5
  3018 | D:5      | Entered Level 5 of the Dungeon
  3034 | D:5      | Reached XP level 7. HP: 49/63 MP: 6/6
  3190 | D:5      | Found a radiant altar of Vehumet.
  3296 | D:5      | Found Xeorecy's Assorted Antiques.
  3304 | D:5      | Bought a scroll labelled YBEICE CEINUFIE for 20 gold pieces
  3304 | D:5      | Bought a scroll labelled MAEHEADYVO for 20 gold pieces
  3304 | D:5      | Bought a scroll of enchant weapon for 150 gold pieces
  4123 | D:5      | Reached XP level 8. HP: 53/73 MP: 7/7
  4199 | D:5      | Reached skill level 5 in Armour
  4381 | D:6      | Found a stormy altar of Qazlal.
  4447 | D:6      | Reached **** piety under Trog
  4768 | D:6      | Reached skill level 5 in Dodging
  4817 | D:6      | Found a broken altar of Ashenzari.
  4818 | D:6      | Found a blossoming altar of Fedhas.
  4819 | D:6      | Found a bloodstained altar of Trog.
  4819 | D:6      | Found a basalt altar of Yredelemnul.
  4820 | D:6      | Found a burning altar of Makhleb.
  4821 | D:6      | Found a shadowy altar of Dithmenos.
  4823 | D:6      | Found a white marble altar of Elyvilon.
  5269 | D:7      | Noticed Prince Ribbit
  5285 | D:7      | Killed Prince Ribbit
  5286 | D:7      | Reached XP level 9. HP: 82/82 MP: 6/8
  5551 | D:7      | Reached skill level 5 in Shields
  5901 | D:7      | Found a staircase to the Ecumenical Temple.
  5967 | D:7      | Found Taasi's Jewellery Shoppe.
  7685 | D:8      | Reached ***** piety under Trog
  7853 | D:8      | Found an iron altar of Okawaru.
  7866 | D:8      | Reached skill level 1 in Evocations
  8518 | D:9      | Reached XP level 10. HP: 93/93 MP: 9/9
  8733 | D:9      | Reached skill level 10 in Fighting
  8830 | D:9      | Reached skill level 10 in Axes
  8877 | D:9      | Found a staircase to the Orcish Mines.
  8987 | D:9      | Found a sacrificial altar of Ru.
  9045 | D:10     | Entered Level 10 of the Dungeon
  9776 | D:10     | Noticed a meliai
  9817 | D:10     | Paralysed by a hornet for 3 turns
 10002 | D:10     | Noticed a cyclops
 10002 | D:10     | Noticed a two-headed ogre
 10003 | D:10     | Noticed a two-headed ogre
 10208 | D:10     | Killed a two-headed ogre
 10211 | D:10     | Killed a meliai
 10213 | D:10     | Killed a two-headed ogre
 10228 | D:10     | HP: 1/96 [something (4)]
 10229 | D:10     | Killed from afar by a vampire

Illustrated notes

Levels and vault maps discovered:
D:1:      lemuel_arrival_river_passageway, layout_rooms, serial_glass,
          glass_columns_b, glass_columns_a, glass_columns_a, glass_columns_c
D:2:      layout_loops_cross, hellmonk_ecumenical_altar_leap_of_faith,
          basic_altar, kennysheep_boxes
D:3:      layout_basic, kennysheep_slug_shrine, cheibrodos_gnoll_hut
D:4:      layout_rooms
D:5:      old_forge, layout_basic, mainiacjoe_overflow_surrounded_room,
          serial_shops, shop, hangedman_decor_clover_reticule
D:6:      layout_basic, mainiacjoe_overflow_catwalk, minitemple
D:7:      layout_basic, minmay_temple_entry_statues_pillars, serial_curves,
          eino_curves_01, eino_curves_01, serial_shops, shop,
          grunt_ministairs_11, chequers_avenue, lemuel_flame_loot_1,
          uniq_prince_ribbit1
D:8:      layout_basic, general_overflow_altar, minmay_misc_feat_square
D:9:      layout_roguey, mainiacjoe_overflow_alcove_4, orc_0_dummy,
          serial_curves, eino_curves_01, eino_curves_02
D:10:     minmay_clustersquares, layout_basic

Skill      XL: |  1  2  3  4  5  6  7  8  9 10 |
---------------+-------------------------------+-----
Fighting       | 4 5 6 7 8 9 11 | 11.2
Axes           | 4 5 6 7 8 9 11 | 11.1
Armour         | 3 4 5 7 8 |  8.0
Shields        | 1 2 3 4 6 7 |  7.1
Dodging        | 3 4 5 6 7 |  7.2
Evocations     | 1 3 |  3.0

Action                     |  1- 3 |  4- 6 |  7- 9 | 10-12 || total
---------------------------+-------+-------+-------+-------++-------
  Melee: Hand axe          |   104 |   124 |   362 |       ||   590
         Headbutt          |    11 |    16 |    71 |    23 ||   121
         War axe           |       |       |     5 |   115 ||   120
 Invoke: Berserk           |     1 |     3 |     6 |     1 ||    11
         Trog's Hand       |       |       |       |     2 ||     2
  Evoke: Wand              |       |       |       |     2 ||     2
    Use: Scroll            |       |    10 |     6 |     1 ||    17
         Potion            |       |       |     1 |     1 ||     2
 Armour: Animal skin       |    14 |       |       |       ||    14
         Ring mail         |    21 |       |       |       ||    21
         Chain mail        |    24 |    89 |   320 |   100 ||   533
  Dodge: Dodged            |    61 |    51 |   179 |    39 ||   330
  Block: Buckler           |     9 |    17 |    73 |       ||    99
         Kite shield       |       |       |    87 |    50 ||   137
